 Dungeon Crawl Stone Soup version 0.29.1-1-gd02db6906a (webtiles) character file.

Game seed: 2568342496693666544

12 xian the Digger (level 2, -1/20 HPs)
             Began as a Draconian Earth Elementalist on Oct 4, 2022.
             Slain by a gnoll
             ... wielding a +0 club
              (4 damage)
             ... on level 1 of the Dungeon.
             The game lasted 00:00:58 (597 turns).

xian the Digger (Draconian Earth Elementalist)       Turns: 597, Time: 00:00:59

Health: -1/20      AC:  4    Str: 10    XL:     2   Next: 20%
Magic:  1/5        EV: 12    Int: 15    God:
Gold:   20         SH:  0    Dex: 11    Spells: 4/5 levels left

rFire   . . .      SeeInvis .   c - +0 dagger
rCold   . . .      Faith    .   (no shield)
rNeg    . . .      Spirit   .   (body armour unavailable)
rPois   +          Reflect  .   (helmet restricted)
rElec   .          Harm     .   (no cloak)
rCorr   .          Rampage  .   (no gloves)
Will    .....                   (no boots)
Stlth   ++........              (no amulet)
HPRegen 0.06/turn               g - ring of poison resistance
MPRegen 0.09/turn               (no ring)

@: no status effects
A: AC +4, unfitting armour, cold-blooded
a: no special abilities


You were on level 1 of the Dungeon.
You visited 1 branch of the dungeon, and saw 1 of its levels.

You collected 20 gold pieces.

Inventory:

Hand Weapons
 c - a +0 dagger (weapon)
Jewellery
 g - a ring of poison resistance (left hand)
Scrolls
 e - a scroll of brand weapon
 f - a scroll of blinking
Potions
 a - a potion of magic
 d - a potion of ambrosia


   Skills:
 + Level 2.0 Dodging
 + Level 1.9 Stealth
 + Level 2.1 Spellcasting
 + Level 1.0 Transmutations
 + Level 3.3 Earth Magic


You had 4 spell levels left.
You knew the following spells:

 Your Spells              Type           Power      Damage    Failure   Level
a - Sandblast             Erth           22%        2d7       5%          1

Your spell library contained the following spells:

 Spells                   Type           Power      Damage    Failure   Level
 Passwall                 Tmut/Erth      6%         N/A       14%         2
 Stone Arrow              Conj/Erth      12%        3d7       32%         3
 Petrify                  Tmut/Erth      8%         N/A       65%         4


Dungeon Overview and Level Annotations

Branches:
Dungeon (1/15)

Altars:


Innate Abilities, Weirdness & Mutations

Your plain brown scales are hard. (AC +4)
You cannot fit into any form of body armour.
You are cold-blooded and may be slowed by cold attacks.


Message History

The frilled lizard misses you.
You hit the gnoll.
The gnoll is lightly wounded.
The gnoll barely misses you. The frilled lizard bites you.
The hobgoblin hits you but does no damage.
The gnoll attacks as you move away! The gnoll closely misses you.
The frilled lizard bites you but does no damage.
You see here a scroll labelled CUCUSE YHUVU.
Unknown command.
The hobgoblin attacks as you move away! The hobgoblin hits you.
You are too injured to fight recklessly!
You are too injured to fight recklessly!
You are too injured to fight recklessly!
You are too injured to fight recklessly!
Aiming: Sandblast (safe; 5% risk of failure)
Press: ? - help, Q - select action Shift-Dir - straight line, f - hobgoblin
Aim: a hobgoblin (82% to hit)
The blast of sand hits the hobgoblin.
The hobgoblin is severely wounded.
The hobgoblin hits you.
Aiming: Sandblast (safe; 5% risk of failure)
Press: ? - help, Q - select action Shift-Dir - straight line, f/p - hobgoblin
Aim: a hobgoblin (severely wounded, 82% to hit)
The blast of sand hits the hobgoblin.
You kill the hobgoblin!
The gnoll hits you with a +0 club.
* * * LOW HITPOINT WARNING * * *
Aiming: Sandblast (safe; 5% risk of failure)
Press: ? - help, Q - select action Shift-Dir - straight line, f - gnoll
Aim: a gnoll, wielding a +0 club (lightly wounded, 84% to hit)
The blast of sand hits the gnoll!
The gnoll is severely wounded.
The gnoll barely misses you.
Aiming: Sandblast (safe; 5% risk of failure)
Press: ? - help, Q - select action Shift-Dir - straight line, f/p - gnoll
Aim: a gnoll, wielding a +0 club (severely wounded, 84% to hit)
The blast of sand hits the gnoll.
The gnoll is severely wounded.
The gnoll hits you with a +0 club.
You die...

........# #.......... #.....
......(.# #.............# ###...
........# #.............# #PP.♣
.....†..###.............####PPP♣♣
.....♣.♣.♣.♣..................♣
..................... .......P
.....♣.....♣..#...... .......♣
............#.♣.♣#♣#♣#.......♣♣
.....♣.....♣#...@gl.?.........P♣♣
............#.♣.♣#♣#♣...........P
.....♣#♣#♣#♣#.#.# .............
....#.# #.#.. ..............
###.#... #.#.P♣.P.............
#.##### #...♣♣............... ...
#...P.......#+#.#..#. #...
P.PPP♣♣P♣...# .####. #... ..♣♣
.....


You could see a gnoll and a frilled lizard.

Vanquished Creatures
  4 ball pythons (D:1)
  2 goblins (D:1)
  A hobgoblin (D:1)
  A quokka (D:1)
  2 frilled lizards (D:1)
  A kobold (D:1)
11 creatures vanquished.

Notes
Turn   | Place    | Note
-------+----------+-------------------------------------------
     0 | D:1      | xian the Draconian Earth Elementalist began the quest for
                  | the Orb.
     0 | D:1      | Reached XP level 1. HP: 14/14 MP: 3/3
   525 | D:1      | Reached XP level 2. HP: 20/20 MP: 0/5
   597 | D:1      | Slain by a gnoll

Illustrated notes

Levels and vault maps discovered:
D:1:      elethiomel_arrival_infinity_welcomes_careful_drivers, layout_basic,
          serial_forest, infiniplex_forest_clump_curved,
          infiniplex_forest_clump_cross, infiniplex_forest_3_way,
          infiniplex_forest_clump_diagonal, infiniplex_forest_lined_2,
          infiniplex_forest_clump_diagonal, infiniplex_forest_clump_large,
          infiniplex_forest_lined_room_2

Skill      XL: |  1 |
---------------+----+-----
Dodging        | 2 |  2.0
Stealth        | |  1.9
Spellcasting   | |  2.1
Transmutations | |  1.0
Earth Magic    | |  3.3

Action                   || total
-------------------------++-------
Melee: Dagger            ||    14
       Unarmed           ||     2
       Tailslap          ||     1
       Punch             ||     1
 Cast: Sandblast         ||    18
  Use: Scroll            ||     3
Armor: Skin              ||     5
Dodge: Dodged            ||    21
